 Dungeon Crawl Stone Soup version 0.13.0-19-g8e0b589 (webtiles) character file.

678 Ragg the Firebug (level 7, -2/50 HPs)
             Began as a Hill Orc Fire Elementalist on Oct 24, 2013.
             Was an Initiate of Vehumet.
             Slain by Pikel
             ... wielding a +1,+2 whip of electrocution
              (7 damage)
             ... on Level 4 of the Dungeon.
             The game lasted 00:20:51 (3516 turns).

Ragg the Firebug (Hill Orc Fire Elementalist)       Turns: 3516, Time: 00:20:51

HP  -2/50        AC  3     Str 11      XL: 7   Next: 13%
MP   9/10        EV 12     Int 17      God: Vehumet [......]
Gold 193         SH  0     Dex 11      Spells:  2 memorised,  4 levels left

Res.Fire  : . . .   See Invis. : .   x - +1 short sword (holy)
Res.Cold  : . . .   Warding    : .   a - +0 orc robe
Life Prot.: . . .   Conserve   : .   (no shield)
Res.Poison: .       Res.Corr.  : .   (no helmet)
Res.Elec. : .       Clarity    : .   o - +0 cloak
Sust.Abil.: . .     Spirit.Shd : .   (no gloves)
Res.Mut.  : .       Stasis     : .   (no boots)
Res.Rott. : .       Flight     : .   (no amulet)
Saprovore : + . .                    (no ring)
                                     (no ring)

@: slightly resistant to hostile enchantments, unstealthy
A: saprovore 1
a: Renounce Religion


You were on level 4 of the Dungeon.
You worshipped Vehumet.
Vehumet was noncommittal.
You were not hungry.

You visited 2 branches of the dungeon, and saw 5 of its levels.

You collected 173 gold pieces.

Inventory:

Hand weapons
 x - a +1,+1 short sword of holy wrath (weapon)
Missiles
 e - 28 darts (quivered)
 f - 3 exploding darts
 g - 2 darts of frost
 u - 3 poisoned darts
Armour
 a - a +0 orcish robe (worn)
 o - a +0 cloak (worn)
Comestibles
 c - 2 meat rations
 t - an apple
 v - 2 bread rations
 z - 2 chunks of ogre flesh
Scrolls
 h - a scroll of random uselessness {unknown}
 i - a scroll of amnesia {unknown}
 j - 3 scrolls of remove curse
 k - a scroll of identify
 l - 2 scrolls of recharging {unknown}
 p - 2 scrolls of teleportation
Jewellery
 s - an uncursed ring of protection from fire {unknown}
Potions
 d - 3 potions of curing {unknown}
 m - a potion of cure mutation {unknown}
 n - a potion of mutation {unknown}
 q - a potion of resistance {unknown}
 r - a potion of heal wounds
 A - a potion of restore abilities {unknown}
Books
 b - a book of Flames

   Spells                             Type                      Level
   *Flame Tongue                      Conjuration/Fire             1
   Throw Flame                        Conjuration/Fire             2
   Conjure Flame                      Conjuration/Fire             3
   *Inner Flame                       Hexes/Fire                   3
   Sticky Flame                       Conjuration/Fire             4
   Fireball                           Conjuration/Fire             5
 w - a book of Changes

   Spells                             Type                      Level
   Beastly Appendage                  Transmutation                1
   Sticks to Snakes                   Transmutation                2
   Spider Form                        Transmutation/Poison         3
   Ice Form                           Ice/Transmutation            4
   Blade Hands                        Transmutation                5
 y - a book of Annihilations {highlevel}

   This book is beyond your current level of understanding.

   Spells                             Type                      Level
   Poison Arrow                       Conjuration/Poison           6
   Orb of Destruction                 Conjuration                  7
   Chain Lightning                    Conjuration/Air              8
   Lehudib's Crystal Spear            Conjuration/Earth            8
   Ice Storm                          Conjuration/Ice              9
   Fire Storm                         Conjuration/Fire             9


   Skills:
 - Level 1.5 Dodging
 - Level 1.5 Stealth
 - Level 1.0 Spellcasting
 + Level 5.0 Conjurations
 + Level 6.6 Fire Magic


You had 4 spell levels left.
You knew the following spells:

 Your Spells              Type           Power        Failure   Level  Hunger
a - Flame Tongue          Conj/Fire      ###..        1%          1    ##.....
b - Inner Flame           Hex/Fire       ##......     17%         3    ####...


Dungeon Overview and Level Annotations

Branches:
Dungeon (4/27)             Temple (1/1) D:4

Altars:
Ashenzari
Elyvilon
Fedhas
Kikubaaqudgha
Nemelex Xobeh
Okawaru
Sif Muna
Trog
Vehumet
Xom
Yredelemnul
Zin
the Shining One

Annotations:
D:4 Pikel


Innate Abilities, Weirdness & Mutations

You can tolerate rotten meat.


Message History

Level annotation: Pikel Pikel hits you with a glowing whip.
You are electrocuted!
The slave hits you. The slave barely misses you. The slave closely misses you.
Pikel closely misses you. The rat bites you.
There is a stone staircase leading up here.
Casting: Flame Tongue
Confirm with . or Enter, or press ? or * to list all spells.
Aiming: Flame Tongue
Press: ? - help, Shift-Dir - straight line, f - Pikel
Aim: Pikel, wielding a whip of electrocution and wearing an elven robe The flame hits Pikel.
Pikel appears unharmed.
The slave closely misses you. The slave misses you.
The slave barely misses you. Pikel closely misses you.
The rat barely misses you.
You can't go down here!
The slave hits you! The slave hits you.
* * * LOW HITPOINT WARNING * * *
The slave hits you!
* * * LOW HITPOINT WARNING * * *
Pikel hits you with a whip of electrocution!
You die...

#........# #.......## ###.....#
#.....# #.....# #.....# #### ####
#.....# #.. ### ...#
##.>@K.###.## ##.#
...#########....@..##..## #..###
....<..........@@r.)....####>....
....))...........................
.................................
................>..%.........)...
...............[.................
.................................
............................(..%.
.................................


You could see Pikel, 3 slaves and a rat.

Vanquished Creatures
  A slave (D:3)
  A phantom (D:4)
  2 ogres (D:4)
  A giant frog (D:4)
  An orc priest (D:3)
  5 adders
  A worm (D:2)
  An iguana skeleton (D:4)
  2 giant geckos
  9 orcs (D:3)
  A bat skeleton (D:4)
  7 hobgoblins
  14 kobolds
  A quokka (D:3)
  9 bats
  A giant cockroach (D:1)
  A giant gecko skeleton (D:4)
  6 giant newts
  6 goblins
  A hobgoblin skeleton (D:4)
  A quokka skeleton (D:4)
  11 rats
83 creatures vanquished.

Vanquished Creatures (others)
  A bat (D:1)
1 creature vanquished.

Grand Total: 84 creatures vanquished

Notes
Turn   | Place    | Note
--------------------------------------------------------------
     0 | D:1      | Ragg, the Hill Orc Fire Elementalist, began the quest for the Orb.
     0 | D:1      | Reached XP level 1. HP: 14/14 MP: 3/3
     0 | D:1      | tripwire: good luck
     0 | D:1      | Ragg: ty
    16 | D:1      | Shauncat: Hail and well met.
    16 | D:1      | Ragg: what the chruist
    38 | D:1      | Ragg: great start
    43 | D:1      | tripwire: lol
    52 | D:1      | tripwire: Flame on!!!
   173 | D:1      | Shauncat: I abandoned the elementalist i got from random viable
   191 | D:1      | tripwire: exploding farts... lol
   199 | D:1      | Shauncat: Or just leroy jenkinsed it
   204 | D:1      | Shauncat: I forget
   291 | D:1      | Reached XP level 2. HP: 20/20 MP: 2/4
   345 | D:1      | tripwire: u ugys should think about this like a puzzle game rather than action RPG... if shit gets dangerous slow down!! take ur time and make sure each move counts
   484 | D:1      | tripwire: sorry if im being preachy or annoying
   488 | D:1      | Shauncat: nah
   488 | D:1      | Ragg: its cool
   488 | D:1      | Ragg: we're just epic noobs
   593 | D:1      | Shauncat: i could play anonymously if i didn't want advice
   642 | D:1      | Shauncat: or offline
   693 | D:1      | Ragg: yea
  1067 | D:2      | Reached XP level 3. HP: 26/26 MP: 2/5
  1134 | D:2      | Reached skill level 4 in Fire Magic
  1253 | D:2      | Learned a level 3 spell: Inner Flame
  1287 | D:2      | tripwire: inner flame is dangeroussss
  1291 | D:2      | Ragg: in what way
  1291 | D:2      | tripwire: well
  1291 | D:2      | Ragg: I aint gonna use it yet prolly...
  1291 | D:2      | tripwire: in the way that it blows u up
  1291 | D:2      | Ragg: If you miscast?
  1291 | D:2      | Ragg: Yea
  1291 | D:2      | tripwire: no
  1291 | D:2      | Ragg: Oh
  1291 | D:2      | tripwire: i usually dont get it till i can 1shot things reliably from a distance
  1291 | D:2      | Ragg: Oh wait
  1291 | D:2      | tripwire: the idea is when the cursed monster dies
  1291 | D:2      | tripwire: it explodes
  1291 | D:2      | Ragg: lol
  1291 | D:2      | Ragg: I meant to get sticky flame
  1291 | D:2      | Ragg: I got teh wrong spell
  1291 | D:2      | Ragg: nooo
  1291 | D:2      | tripwire: lol
  1291 | D:2      | Ragg: Oh well
  1362 | D:2      | tripwire: basically dont inner flame anything that can get close to u before it ies
  1362 | D:2      | Ragg: ok
  1379 | D:2      | tripwire: hoWEVER
  1380 | D:2      | tripwire: if theres a clump of enemies far away
  1380 | D:2      | Ragg: holy wrath huh
  1380 | D:2      | tripwire: sometimes u can like
  1380 | D:2      | tripwire: ooh holy wrath is a nice brand
  1380 | D:2      | tripwire: keep that around for demons/undead
  1380 | D:2      | tripwire: it obliterates them
  1521 | D:2      | tripwire: anyway i was sayin; inner flame is at its best when u have summons
  1566 | D:3      | tripwire: u can like, inner flame ur own skeleton
  1566 | D:3      | tripwire: and send it in as a suicide bomber
  1566 | D:3      | Ragg: nice
  1570 | D:3      | Reached XP level 4. HP: 31/33 MP: 2/7
  1672 | D:3      | tripwire: there used to be an evocable item called Stone of earth elementals and if u used against a wall, itd turn the wall into a friendly earth elemental. which are slow moving mindless rock dudes that are great for turning into hallway bombs
  1675 | D:3      | tripwire: it was fuel of win
  1813 | D:3      | tripwire: these orcs are gonna wreck u
  1824 | D:3      | tripwire: u can't hurt the priest and he can hurt u
  1878 | D:2      | tripwire: phew
  1924 | D:2      | Ragg: hmmh
  2068 | D:3      | tripwire: orc priests and centaurs #1 noob slayers
  2068 | D:3      | tripwire: beware
  2223 | D:3      | Reached XP level 5. HP: 38/38 MP: 5/8
  2226 | D:3      | tripwire: hell yeah
  2238 | D:3      | Reached skill level 5 in Fire Magic
  2322 | D:3      | tripwire: heres another tip: if u see a jelly, be careful. they eat items on the floor to heal/split into new jellies (they even eat ammo u chuck at them this way) and if u melee them they'll corrode ur weapons and armor
  2325 | D:3      | Ragg: oh
  2409 | D:3      | tripwire: and if u leave them alone theyll just eat all the loot on the floor
  2453 | D:4      | tripwire: easiest way to deal with them is to chuck lots of stones at them or burn em to death
  2503 | D:4      | tripwire: since ure a fire guy and they are mindless, u can also cast conjure flame and lure them into it, where they will happily roast to death
  2645 | D:4      | Found a staircase to the Ecumenical Temple.
  2663 | Temple   | Entered the Ecumenical Temple
  2710 | Temple   | Became a worshipper of Vehumet
  2711 | Temple   | Shauncat: i should find a spoiler on what the good spells to memorize are if i'm gonna keep hitting random viable
  2817 | D:4      | Noticed a phantom
  2820 | D:4      | Noticed an ogre
  2889 | D:4      | Killed an ogre
  2889 | D:4      | Reached XP level 6. HP: 45/45 MP: 2/9
  3018 | D:3      | Reached skill level 6 in Fire Magic
  3152 | D:4      | Killed a phantom
  3361 | D:4      | Reached skill level 5 in Conjurations
  3361 | D:4      | Reached XP level 7. HP: 50/50 MP: 4/10
  3395 | D:4      | Noticed a slave
  3395 | D:4      | Noticed a slave
  3398 | D:4      | Noticed Pikel
  3399 | D:4      | Noticed a slave
  3399 | D:4      | Noticed a slave
  3421 | D:3      | Killed a slave
  3516 | D:4      | Slain by Pikel

Action                   |  1- 3 |  4- 6 |  7- 9 || total
-------------------------+-------+-------+-------++-------
Melee: Club              |     9 |       |       ||     9
       Short sword       |       |    43 |       ||    43
Throw: Dart              |    17 |    43 |     3 ||    63
 Cast: Flame Tongue      |    51 |   101 |     8 ||   160
  Use: Scroll            |       |     3 |       ||     3
       Potion            |       |     1 |       ||     1
 Stab: Sleeping          |       |     1 |       ||     1
